AoeStats
← polom.s1989

African Clearing

510569637Analyzed
4v4 RM · 14h ago on Oct 1, 2026· 50m 48s· 8 players
Game mode
Random Map
Map size
Large (8 player)
Population
200
Speed
Normal
Resources
Standard
Victory
Conquest
Starting age
Dark Age
Ending age
Imperial Age
RankedLock teamsTeams togetherTeam positionsShared explorationLock speedFull tech treeHidden civsTurbo modeCheats
Victory
Defeat
🇨🇳 Wei · China
1436
+18
🇨🇳 Vietnamese · China
1390
+20
🇨🇳 Gurjaras · China
1328
+22
🇨🇳 Cumans · China
1286
+24
🇨🇿 Dravidians · Czechia
1504
-22
🇲🇽 Franks · Mexico
1494
-22
🇻🇳 Varangians · Vietnam
1458
-20
🇹🇷 Persians · Türkiye
1452
-20
kkkkk1231231
13:31 Feudal Age
12:03 Loom
13:52 Feudal Age
14:57 Double-Bit Axe
17:59 Castle Age
16:09 Stone Mining
20:50 Horse Collar
24:59 Wheelbarrow
27:36 Husbandry
29:10 Forging
29:07 Scale Barding Armor
29:55 Hand Cart
29:26 Town Watch
30:32 Gold Mining
32:58 Bloodlines
33:22 Chain Barding Armor
35:48 Iron Casting
35:41 Treadmill Crane
39:46 Imperial Age
39:19 Heavy Plow
41:26 Plate Barding Armor
41:58 Blast Furnace
41:32 Conscription
45:28 Elite Jarl
Leviathan
7:33 Loom
28:54 Feudal Age
robecha18
6:16 Loom
14:16 Feudal Age
18:06 Castle Age
18:18 Double-Bit Axe
22:37 Scale Mail Armor
26:15 Fletching
26:30 Gambesons
26:57 Pikeman
29:10 Squires
31:07 Wheelbarrow
30:49 Forging
33:02 Chain Mail Armor
33:47 Bow Saw
34:11 Scale Barding Armor
polom.s1989
10:59 Loom
14:16 Feudal Age
14:40 Fishing Lines
15:08 Double-Bit Axe
24:14 Castle Age
23:26 Scale Mail Armor
23:36 Forging
31:39 Imperial Age
31:58 Ballistics
31:43 Elite Skirmisher
800分天才玩家
3:09 Loom
13:06 Feudal Age
16:40 Bloodlines
26:50 Wheelbarrow
32:39 Castle Age
32:30 Double-Bit Axe
32:26 Horse Collar
35:30 Wheelbarrow
35:52 Heavy Plow
36:07 Bow Saw
38:55 Heavy Plow
40:20 Hand Cart
39:51 Town Watch
40:22 Stone Mining
40:27 Gold Mining
41:51 Stone Shaft Mining
42:30 Gold Shaft Mining
45:37 Imperial Age
44:01 Scale Barding Armor
44:07 Forging
44:34 Husbandry
45:10 Kshatriyas
45:36 Chain Barding Armor
46:09 Town Patrol
45:40 Elite Shrivamsha Rider
47:14 Crop Rotation
47:27 Conscription
48:29 Plate Barding Armor
49:31 Iron Casting
49:40 Frontier Guards
50:28 Coinage
YccClala
5:20 Loom
21:24 Feudal Age
22:19 Double-Bit Axe
25:02 Castle Age
23:58 Fletching
25:41 Bodkin Arrow
25:45 Gold Mining
26:06 Bow Saw
28:07 Wheelbarrow
29:25 Ballistics
29:07 Padded Archer Armor
37:09 Horse Collar
37:25 Stone Mining
38:01 Bloodlines
37:51 Husbandry
38:12 Thumb Ring
41:16 Murder Holes
42:25 Masonry
45:31 Leather Archer Armor
47:08 Hand Cart
48:15 Heavy Plow
49:46 Stone Shaft Mining
51:50 Imperial Age
49:06 Town Watch
清风快来救我
8:44 Loom
11:27 Feudal Age
13:52 Double-Bit Axe
14:55 Wheelbarrow
17:06 Horse Collar
22:51 Castle Age
20:43 Town Watch
22:15 Scale Barding Armor
22:20 Forging
22:23 Bloodlines
30:12 Chain Barding Armor
34:01 Hand Cart
33:41 Gold Mining
36:53 Heavy Plow
40:10 Iron Casting
42:33 Imperial Age
40:42 Steppe Husbandry
44:15 Blast Furnace
43:55 Plate Barding Armor
42:43 Elite Steppe Lancer
車
3:01 Loom
5:12 Loom
13:59 Feudal Age
18:15 Castle Age
18:09 Horse Collar
18:20 Double-Bit Axe
23:10 Tuntian
28:00 Fletching
29:46 Scale Barding Armor
30:24 Forging
31:37 Bodkin Arrow
32:05 Chain Barding Armor
32:38 Stone Mining
32:39 Gold Mining
40:33 Heavy Plow
42:12 Iron Casting
42:56 Husbandry
47:16 Gold Shaft Mining
47:17 Stone Shaft Mining
49:13 Bodkin Arrow
51:01 Wheelbarrow
Connection lost

Rejoining the realm…

Still unreachable

The connection could not be restored.

Session expired

The server has moved on; the page needs a fresh start.